Cogmind - Beta 16.1 @@@ ROGUE MODE // 2026.02.16 @ 16:37:52 Player: Megaknight51 Result: Destroyed by as-72087 with Assembled Blade Performance ------------- Evolutions (1) 500 Regions Visited (5) 1000 Robots Destroyed (86) 430 Value Destroyed (2176) 2176 Prototype IDs (29) 580 Alien Tech Used (0) 0 Bonus (375) 375 TOTAL SCORE: 5061 Bonus ------- High Alert Combat Kills 200 Aligned with FarCom 300 Friendly Fire -125 Cogmind --------- Core Integrity 0/400 Matter 47/300 Energy 265/265 System Corruption 17% Temperature Cool (0) Movement Rolling (120) Ox2 Location -9/Exiles Parts ------- > --- POWER (1) -------- Improved Ion Engine > --- PROPULSION (2) --- Armored Wheel > --- UTILITY (2) ------ Large Storage Unit Machine Analyzer > --- WEAPON (4) ------- (None) > --- INVENTORY (15) --- Improved Ion Engine Improved Ion Engine Improved Ion Engine Heat Sink Lightpack 2.0 Improved Terrain Scanner Shield Generator Skeleton Box PSU Rigger Datajack Heavy Hammer Peak State ------------ > --- POWER ------------ Improved Ion Engine > --- PROPULSION ------- Light Treads Wheel > --- UTILITY ---------- Large Storage Unit Machine Analyzer > --- WEAPON ----------- Heavy Particle Cannon Mini Grenade Launcher > --- INVENTORY -------- Improved Ion Engine Improved Ion Engine Improved Ion Engine Wheel Armored Wheel Heat Sink Lightpack 2.0 Improved Terrain Scanner Shield Generator Skeleton Box PSU Rigger Datajack Heavy Hammer [Rating: 19] Favorites ----------- Power Improved Ion Engine Engine Improved Ion Engine Propulsion Wheel Treads Light Treads Wheel Wheel Utility Large Storage Unit Device Improved Terrain Scanner Storage Large Storage Unit Processor Signal Interpreter Protection Light Armor Plating Weapon Heavy Particle Cannon Energy Gun EM Shotgun Energy Cannon Heavy Particle Cannon Ballistic Gun Autogun Launcher EMP Blaster Impact Weapon Mace Build | -11 -10 -10 -9 -9 -9 ------- Run | Yrd Mat Min Mat Min Exi Slots Evolved 2 | . . . 2 . . Power . | . . . . . . Propulsion . | . . . . . . Utility . | . . . . . . Weapon 2 | . . . 2 . . Parts Attached 49 | 8 11 . 23 3 4 Power 6 | 1 1 . 3 1 . Engine 6 | 1 1 . 3 1 . Core . | . . . . . . Reactor . | . . . . . . Propulsion 13 | 2 4 . 4 . 3 Treads 4 | . 1 . 3 . . Leg . | . . . . . . Wheel 9 | 2 3 . 1 . 3 Hover . | . . . . . . Flight . | . . . . . . Utility 9 | 2 2 . 4 . 1 Device 4 | 1 1 . 2 . . Storage 2 | 1 1 . . . . Processor 2 | . . . 1 . 1 Hackware . | . . . . . . Protection 1 | . . . 1 . . Artifact . | . . . . . . Weapon 21 | 3 4 . 12 2 . Energy Gun 6 | 1 2 . 3 . . Energy Cannon 2 | . . . 2 . . Ballistic Gun 5 | 2 1 . 2 . . Ballistic Cannon . | . . . . . . Launcher 7 | . 1 . 4 2 . Special Weapon . | . . . . . . Impact Weapon 1 | . . . 1 . . Slashing Weapon . | . . . . . . Piercing Weapon . | . . . . . . Special Melee Weapon . | . . . . . . Unidentified Prototypes . | . . . . . . Corrupted Parts 2 | . . . 2 . . System Corruption 16 | . . . 16 . . Parts Lost 19 | . 2 . 8 4 5 Power 1 | . 1 . . . . Propulsion 5 | . 1 . 1 . 3 Utility 1 | . . . 1 . . Weapon 12 | . . . 6 4 2 Highest Loss Streak 5 | . 2 . 3 2 5 To Critical Strikes 1 | . . . . . 1 Average Backups 13 | 2 12 15 14 13 12 Power 2 | 1 2 2 3 3 3 Propulsion 2 | . 1 2 3 3 2 Utility 3 | . 2 4 4 4 4 Weapon 3 | . 6 6 2 1 1 Tool/Special . | . . . . . . Unused Backups 19 | . 7 . 3 . 9 Power 5 | . . . 2 . 3 Propulsion 1 | . . . 1 . . Utility 3 | . . . . . 3 Weapon 8 | . 7 . . . 1 Tool/Special 2 | . . . . . 2 Average Slot Usage (%) 93 | . 98 100 95 89 75 Engine 11 | . 13 14 10 10 11 Treads 8 | . . 14 11 11 10 Wheel 14 | . 26 14 10 11 11 Device 5 | . 14 14 4 . . Storage 11 | . 14 14 11 11 11 Processor 3 | . . . 1 11 11 Protection 1 | . . . 2 . . Energy Gun 9 | . 13 28 10 . . Energy Cannon 7 | . . . 9 11 10 Ballistic Gun 4 | . 8 . 5 1 . Launcher 13 | . 5 . 16 22 10 Peak Build Rating 19 | 7 12 12 18 17 19 Average Rating 14 | 5 9 12 16 15 15 On Entrance 10 | . 7 12 12 17 13 Avg Prop Armor Cover (%) 8 | . 10 10 7 10 14 Naked Turns . | . . . . . . Heaviest Build 47 | 12 30 30 47 44 34 Greatest Support 26 | 26 26 10 20 10 22 Greatest Overweight (x) 4 | . 2 2 4 4 3 Average Overweight (x) 2 | . . 2 3 3 2 Largest Inventory Capacity 15 | 8 15 15 15 15 15 Average Capacity 14 | 7 13 15 15 15 15 Most Carried 15 | 7 15 15 15 15 15 Average Carried 13 | 2 12 15 14 13 13 Final Capacity 15 | 8 15 15 15 15 15 Final Carried 15 | 7 15 15 15 12 13 Class Distribution -------------------- 32% | Mutant 13% | Scientist-Gunner 13% | Gunner 10% | Skirmisher 10% | Scavenger-Skirmisher 7% | Scavenger-Tank 6% | Scavenger-Mutant 5% | Tank Dominant Class ---------------- Mutant | -10/Materials Mutant | -10/Mines Scientist-Gunner | -9/Materials Gunner | -9/Mines Mutant | -9/Exiles Resources | -11 -10 -10 -9 -9 -9 ----------- Run | Yrd Mat Min Mat Min Exi Matter Collected 1584 | 308 201 . 785 290 . Remotely . | . . . . . . Salvage Created 2601 | 135 301 . 1562 592 11 Parts 173 | 10 28 . 102 33 . Haulers Intercepted 1 | . . . 1 . . Recyclers Shooed 2 | . . . . 2 . Parts Field Recycled . | . . . . . . Retrieved Matter . | . . . . . . Parts Self-Destructed . | . . . . . . Prevented . | . . . . . . Parts Restored . | . . . . . . Kills | -11 -10 -10 -9 -9 -9 ------- Run | Yrd Mat Min Mat Min Exi Combat Hostiles Destroyed 62 | . 12 . 37 13 . Guns 16 | . 8 . 8 . . Cannons 13 | . . . 7 6 . AOE 32 | . 4 . 21 7 . Classes Destroyed 14 | 2 4 . 6 1 1 Worker 4 | . . . 4 . . Builder 6 | . . . 4 2 . Tunneler 5 | 3 . . 1 1 . Hauler 1 | . . . 1 . . Recycler 4 | 1 . . 1 2 . Mechanic 1 | . 1 . . . . Operator 1 | . . . 1 . . Watcher 2 | . 1 . 1 . . Swarmer 15 | . 6 . 5 4 . Grunt 33 | . 6 . 20 7 . Brawler 2 | . . . 2 . . Duelist 2 | . . . . 2 . Sentry 10 | . . . 10 . . Assembled 1 | . . . . . 1 Best Kill Streak 15 | 4 8 . 7 15 . Combat Bots Only 10 | . 8 . 6 10 . Max Kills in Single Turn 5 | 1 2 . 3 5 1 Gunslinging . | . . . . . . Exploded 2 | . 2 . 2 2 . Melee . | . . . . . . Uniques/NPCs Destroyed . | . . . . . . Combat | -11 -10 -10 -9 -9 -9 -------- Run | Yrd Mat Min Mat Min Exi Hostile Shots Fired 216 | . 65 . 73 55 23 Missed 59 | . 18 . 14 21 6 Hits 157 | . 47 . 59 34 17 Melee 7 | . . . . 4 3 Projectile 150 | . 47 . 59 30 14 Critical Strikes 8 | . . . 1 2 5 Damage Taken 2530 | . 413 . 1034 660 423 Core 529 | . 107 . 106 129 187 Absorbed by Shields . | . . . . . . Regen/Repaired (Parts) 60 | . . . 60 . . Core Remaining (%) 78 | 100 . 57 . . . Volleys Fired 104 | 7 28 . 50 19 . Largest 4 | 2 2 . 4 4 . Hottest 195 | 40 85 . 195 171 . Shots Fired 276 | 14 54 . 165 42 1 Gun 133 | 14 47 . 72 . . Cannon 54 | . . . 35 18 1 Launcher 89 | . 7 . 58 24 . Special . | . . . . . . Kinetic 66 | 14 34 . 18 . . Thermal 54 | . . . 35 18 1 Explosive 57 | . 7 . 42 8 . Electromagnetic 99 | . 13 . 70 16 . Robot Hit Streak 31 | 6 11 . 31 8 9 Robot Miss Streak 4 | 2 3 . 4 3 . Penetration Max . | . . . . . . Secondary Targets 3 | . 2 . 1 . . Max Gunslinging Chain 1 | . 1 . 1 . . Shots Hit Robots 144 | 8 25 . 92 18 1 Core Hits 133 | 4 21 . 81 26 1 Critical Kills . | . . . . . . Critical Parts Destroyed . | . . . . . . Critical Strikes . | . . . . . . Melee Attacks 1 | . . . 1 . . Impact 1 | . . . 1 . . Slashing . | . . . . . . Piercing . | . . . . . . Sneak Attacks . | . . . . . . Combat Hostiles . | . . . . . . Follow-up Attacks . | . . . . . . Damage Inflicted 5280 | 99 650 . 3166 1340 25 Guns 1026 | 99 320 . 607 . . Cannons 880 | . . . 541 314 25 Explosions 3374 | . 330 . 2018 1026 . Melee . | . . . . . . Ramming . | . . . . . . Kinetic 441 | 99 219 . 123 . . Thermal 1345 | . . . 728 592 25 Explosive 2098 | . 330 . 1423 345 . Electromagnetic 1396 | . 101 . 892 403 . Impact . | . . . . . . Slashing . | . . . . . . Piercing . | . . . . . . Highest Corruption 17 | . 3 3 16 17 17 Average Corruption 13 | . 2 3 15 16 17 Corruption Purged . | . . . . . . Corruption Blocked . | . . . . . . Effects 129 | . 10 1 84 24 10 Message Errors 26 | . 5 . 18 1 2 Matter Fused 31 | . 2 . 23 5 1 Heat Flow Errors 16 | . 1 1 8 5 1 Energy Discharges 14 | . 1 . 8 3 2 Parts Rejected 4 | . . . 2 2 . Parts Fused 3 | . . . 3 . . Data Loss (minor) 11 | . 1 . 8 1 1 Data Loss (major) 9 | . . . 6 2 1 Misfires 6 | . . . 3 2 1 Alerts 1 | . . . 1 . . Misdirections 3 | . . . 1 1 1 Weapon Failures 5 | . . . 3 2 . Overload Shots . | . . . . . . Overflow Damage 62 | . . . 21 41 . Projectiles . | . . . . . . Explosions 62 | . . . 21 41 . Melee . | . . . . . . Knockbacks . | . . . . . . Impact . | . . . . . . Kinetic . | . . . . . . Secondary . | . . . . . . Self-Inflicted Damage 561 | . 17 . 324 220 . Shots 25 | . 1 . 14 10 . Rammed . | . . . . . . Targets Rammed . | . . . . . . Kicked . | . . . . . . Crushed . | . . . . . . Highest Temperature 453 | . 118 154 453 259 185 Average Temperature 107 | . 38 84 116 107 77 Received Heat Transfer 409 | . 48 . 219 102 40 Effects 5 | . . . 4 1 . Shutdowns 2 | . . . 2 . . Energy Bleed 1 | . . . . 1 . Interference 2 | . . . 2 . . Siege Activations . | . . . . . . Martial Activations . | . . . . . . Shielding Activations . | . . . . . . Robots Disrupted 2 | . . . 2 . . Combat Hostiles 2 | . . . 2 . . Robots Corrupted 1 | . . . 1 . . Combat Hostiles 1 | . . . 1 . . Parts Fried 2 | . . . 1 1 . Impact Corruptions . | . . . . . . Robots Melted . | . . . . . . Combat Hostiles . | . . . . . . Parts Melted 2 | . . . 1 1 . Heat Transferred 1908 | . . . 1077 794 37 Parts Sabotaged . | . . . . . . Parts Stolen . | . . . . . . Parts Stripped . | . . . . . . Power Chain Reactions 8 | . . . 3 5 . Alert | -11 -10 -10 -9 -9 -9 ------- Run | Yrd Mat Min Mat Min Exi Maximum Alert Level 3 | . 1 . 3 2 . Low Security (%) 43 | 100 83 100 32 . . Level 1 23 | . 16 . 32 11 . Level 2 26 | . . . 24 88 . Level 3 6 | . . . 10 . . Level 4 . | . . . . . . Level 5 . | . . . . . . High Security . | . . . . . . Max Security . | . . . . . . Peak Influence 827 | 5 243 52 827 549 . Initial 321 | . 3 52 4 321 . Average 287 | 2 137 35 329 481 . Influence Increases 2364 | 20 445 . 1479 420 . Destroy 0b10 Robot/C 1240 | . 240 . 740 260 . Destroy 0b10 Robot/NC 120 | 20 10 . 65 25 . Destroy Leader 306 | . 52 . 214 40 . Successful Hack 64 | . 40 . 24 . . Select Force Hacks 120 | . 60 . 60 . . Disable Machine 120 | . 15 . 90 15 . Destroy Structure 349 | . 28 . 241 80 . Lose Combat Pursuer 45 | . . . 45 . . Influence Decreases 2364 | 15 316 122 667 749 495 Entered New Map 1090 | . 2 82 8 503 495 Time Decay 1114 | 15 294 40 559 206 . Lost Part 140 | . 20 . 80 40 . Lost Ally 20 | . . . 20 . . Squads Dispatched 10 | . 3 . 7 . . Investigation 6 | . 3 . 3 . . Extermination . | . . . . . . Reinforcement 4 | . . . 4 . . Assault . | . . . . . . Garrison . | . . . . . . Intercept . | . . . . . . Searches Triggered . | . . . . . . Construction Impeded 2 | . . . 2 . . Haulers Reinforced . | . . . . . . Active Scanning Responses . | . . . . . . Cargo Convoy Interrupts . | . . . . . . Stealth | -11 -10 -10 -9 -9 -9 --------- Run | Yrd Mat Min Mat Min Exi Distress Signals 7 | . 2 . 5 . . Communications Jammed . | . . . . . . Distress Signals . | . . . . . . Times Spotted 87 | . 20 . 48 12 7 Peak Tracking Total 8 | . 7 . 5 8 8 Tactical Retreats 2 | . . . 2 . . Traps | -11 -10 -10 -9 -9 -9 ------- Run | Yrd Mat Min Mat Min Exi Traps Triggered 6 | . 4 . 2 . . Indirectly 1 | . . . 1 . . Trap Hack Attempts . | . . . . . . Triggered . | . . . . . . Disarmed . | . . . . . . Reprogrammed . | . . . . . . Reused . | . . . . . . Traps Extracted . | . . . . . . Installed . | . . . . . . Triggered . | . . . . . . Machines | -11 -10 -10 -9 -9 -9 ---------- Run | Yrd Mat Min Mat Min Exi Machines Disabled 8 | . 1 . 6 1 . Max in Single Turn 1 | . 1 . 1 1 . Machines Repaired . | . . . . . . Machines Dismantled . | . . . . . . Machines Sabotaged . | . . . . . . Overloaded Fab Kills . | . . . . . . Hacking | -11 -10 -10 -9 -9 -9 --------- Run | Yrd Mat Min Mat Min Exi Machines Accessed 24 | . 9 . 14 . 1 Terminals 16 | . 7 . 9 . . Fabricators . | . . . . . . Repair Stations 1 | . . . 1 . . Recycling Units 4 | . 2 . 2 . . Scanalyzers 2 | . . . 2 . . Garrison Access . | . . . . . . Total Hacks 59 | . 22 . 36 . 1 Successful 36 | . 17 . 18 . 1 Failed 22 | . 4 . 18 . . Catastrophic 2 | . . . 2 . . Database Lockouts 1 | . 1 . . . . Manual 46 | . 21 . 24 . 1 Terminals 45 | . 19 . 26 . . Fabricators . | . . . . . . Repair Stations 2 | . . . 2 . . Recycling Units 5 | . 3 . 2 . . Scanalyzers 6 | . . . 6 . . Garrison Access . | . . . . . . Terminal Hacks 14 | . 10 . 3 . 1 Robot Analysis 2 | . 2 . . . . Prototype ID Bank 5 | . 4 . 1 . . Branch Access Points 1 | . . . 1 . . Terminal Index 1 | . 1 . . . . Recycling Unit Index 2 | . 1 . 1 . . Hauler Manifests 1 | . 1 . . . . Registered Components 1 | . 1 . . . . Proto ID Catalog 1 | . . . . . 1 Fabricator Hacks . | . . . . . . Repair Station Hacks 2 | . . . 2 . . Scan Component 1 | . . . 1 . . Repair 1 | . . . 1 . . Recycling Unit Hacks . | . . . . . . Scanalyzer 4 | . . . 4 . . Retrieve Study 4 | . . . 4 . . Garrison Access Hacks . | . . . . . . Unauthorized Hacks 16 | . 7 . 9 . . Terminals 12 | . 5 . 7 . . Botnet 12 | . 5 . 7 . . Fabricators . | . . . . . . Repair Stations . | . . . . . . Recycling Units 4 | . 2 . 2 . . Tunnel 4 | . 2 . 2 . . Scanalyzers . | . . . . . . Garrison Access . | . . . . . . Data Cores Recovered . | . . . . . . Used . | . . . . . . Hacking Detections 16 | . 6 . 10 . . Full Trace Events . | . . . . . . Feedback Events . | . . . . . . Feedback Blocked . | . . . . . . Robot Schematics Acquired . | . . . . . . Robots Built . | . . . . . . Authchips . | . . . . . . Time . | . . . . . . Total Robot Build Rating . | . . . . . . Part Schematics Acquired . | . . . . . . Parts Built . | . . . . . . Authchips . | . . . . . . Time . | . . . . . . Total Part Build Rating . | . . . . . . Part Studies Acquired 4 | . . . 4 . . Parts Repaired 1 | . . . 1 . . Time 32 | . . . 32 . . Parts Recycled . | . . . . . . Recycled Matter . | . . . . . . Retrieved Matter . | . . . . . . Retrieved Components . | . . . . . . Parts Scanalyzed . | . . . . . . Part Schematics Acquired . | . . . . . . Parts Damaged . | . . . . . . Bothacking | -11 -10 -10 -9 -9 -9 ------------ Run | Yrd Mat Min Mat Min Exi Used RIF Installer . | . . . . . . Robots Hacked . | . . . . . . Non-combat . | . . . . . . Combat . | . . . . . . Robot Hacks Applied . | . . . . . . Relay Couplers Released . | . . . . . . Fabnet Peak Effective % . | . . . . . . Robots Rewired 1 | . . . 1 . . Allies Hacked . | . . . . . . Hacks Repelled . | . . . . . . Allies | -11 -10 -10 -9 -9 -9 -------- Run | Yrd Mat Min Mat Min Exi Total Allies 1 | . . . 1 . . Largest Group 1 | . . . 1 . . Highest-Rated Group 8 | . . . 8 . . Highest-Rated Ally 8 | . . . 8 . . Total Orders . | . . . . . . Ally Attacks 4 | . . . 4 . . Total Damage 21 | . . . 21 . . Kills . | . . . . . . Allies Corrupted . | . . . . . . Allies Melted . | . . . . . . Intel | -11 -10 -10 -9 -9 -9 ------- Run | Yrd Mat Min Mat Min Exi Active Infowar (turns) 1082 | 43 356 . 586 . 97 Terrain 586 | . . . 586 . . Seismic 399 | 43 356 . . . . Machine Analysis 97 | . . . . . 97 Robot Analysis Total 2 | . 2 . . . . Derelict Logs Recovered 1 | . . 1 . . . Drone Launches . | . . . . . . Drone Recoveries . | . . . . . . Exploration | -11 -10 -10 -9 -9 -9 ------------- Run | Yrd Mat Min Mat Min Exi Turns Passed 3501 | 116 729 83 1894 438 241 Spaces Moved 2421 | 88 643 76 1113 295 206 Core 4 | 4 . . . . . Treads 147 | . 2 . 145 . . Legs . | . . . . . . Wheels 2270 | 84 641 76 968 295 206 Hover . | . . . . . . Flight . | . . . . . . Fastest Speed 50 | 50 80 110 115 115 85 Average Speed 121 | 88 93 110 142 124 112 Slowest Speed 240 | 100 240 110 240 130 115 Overloaded Moves . | . . . . . . Propulsion Burnouts . | . . . . . . Robots Hopped . | . . . . . . Potential Cave-ins . | . . . . . . Cave-ins Triggered . | . . . . . . Exploration Rate (%) 52 | 4 90 23 94 62 40 Regions Visited 5 Branch Regions 3 Pre-discovered Areas 6 | . 2 2 2 . . Known Exits Taken 2 | . . . 1 1 . Unknown Exits Taken 3 | 1 1 1 . . . Scrap Searched . | . . . . . . Spaces Dug . | . . . . . . Terrain Destroyed 470 | . 33 . 326 111 . Melee . | . . . . . . Projectile 14 | . . . 9 5 . AOE 456 | . 33 . 317 106 . Terrain Rammed . | . . . . . . Walls Destroyed . | . . . . . . Machines Disabled . | . . . . . . Actions | -11 -10 -10 -9 -9 -9 --------- Run | Yrd Mat Min Mat Min Exi Total 2764 | 109 724 75 1312 330 214 Wait 107 | . 5 . 91 11 . Move 2416 | 87 642 75 1112 294 206 Hop . | . . . . . . Pick Up 44 | 7 20 . 14 . 3 Fast Attach 21 | 7 5 . 6 3 . Attach 14 | . 2 . 7 3 2 Detach . | . . . . . . Swap 26 | 1 7 . 16 . 2 Drop 30 | . 15 . 14 . 1 Fire 104 | 7 28 . 50 19 . Melee 1 | . . . 1 . . Ram . | . . . . . . Kick . | . . . . . . Crush . | . . . . . . Escape Stasis . | . . . . . . Rewire 1 | . . . 1 . . Trap . | . . . . . . Miscellaneous . | . . . . . . Route ------- -11/Scrapyard -10/Materials (discovered 4 exits: *Mat x3 / [*Min]) -10/Mines -9/Materials (discovered 4 exits: *Mat x3 / *Min) -9/Mines (discovered 2 exits: *Mat / *Exi) -9/Exiles History --------- Turn | Location | Event 9 | -11/Scrapyard | Discovered new exit (range 15) 117 | -11/Scrapyard | Entered Materials 118 | -10/Materials | Met a group of wandering Federalists 273 | -10/Materials | Destroyed 8 combat bots 275 | -10/Materials | Discovered new exit (range 14) 425 | -10/Materials | Discovered new exit (range 12) 615 | -10/Materials | Discovered new exit (range 14) 722 | -10/Materials | Discovered new exit (range 8) 724 | -10/Materials | Central database locked down 765 | -10/Materials | Build established: Mutant 846 | -10/Materials | Entered Mines 888 | -10/Mines | Learned location of Mines (-8) 918 | -10/Mines | Discovered new exit (range 10) 929 | -10/Mines | Entered Materials 929 | -9/Materials | Evolved 2 slots: Weapon x2 1136 | -9/Materials | System corruption reached 10% 1331 | -9/Materials | Discovered new exit (range 5) 1473 | -9/Materials | Build established: Scavenger-Skirmisher 1598 | -9/Materials | Repaired Imp. Ion Engine 1749 | -9/Materials | Discovered new exit (range 8) 1919 | -9/Materials | Lost 3 parts (1n2w) 2214 | -9/Materials | Discovered new exit (range 16) 2458 | -9/Materials | Discovered new exit (range 16) 2504 | -9/Materials | Identified exit to Materials 2610 | -9/Materials | Identified exit to Mines 2678 | -9/Materials | Build established: Scientist-Gunner 2823 | -9/Materials | Entered Mines 2911 | -9/Mines | Destroyed 10 combat bots 3184 | -9/Mines | Core integrity fell below 50% 3222 | -9/Mines | Discovered exit to Materials (range 6) 3256 | -9/Mines | Deemed a non-threat by the Exiles lab entrance 3256 | -9/Mines | Discovered new exit (range 5) 3260 | -9/Mines | Identified exit to Exiles 3261 | -9/Mines | Entered Exiles 3291 | -9/Exiles | Met 8R-AWN 3307 | -9/Exiles | Met EX-HEX 3344 | -9/Exiles | Met EX-BIN 3357 | -9/Exiles | Aligned with FarCom system 3358 | -9/Exiles | Given EX-Vault access code 3385 | -9/Exiles | Opened EX-Vault 3391 | -9/Exiles | Found Lightpack 2.0 3399 | -9/Exiles | Found Skeleton Box 3407 | -9/Exiles | Found PSU Rigger 3426 | -9/Exiles | Build established: Mutant 3431 | -9/Exiles | Warned to stay clear of 0b10 Research branches 3480 | -9/Exiles | Attacked by the Exiles 3495 | -9/Exiles | Core integrity fell below 20% 3502 | -9/Exiles | Destroyed by as-72087 with Assembled Blade Last Messages --------------- 03482_ Penetrated by HV Slug. 03482_ HV Slug penetrates Machine. 03482_ Machine disabled. 03484_ HV Slug penetrates Wall. 03484_ Penetrated by HV Slug. 03484_ Mni. Grenade Launcher destroyed. 03484_ HV Slug penetrates Machine. 03487_ Penetrated by HV Slug. 03487_ HV Slug penetrates Wall. 03490_ Penetrated by HV Slug. 03490_ HV Slug penetrates Wall. 03494_ Rigged Lgt. Fission Core explodes. 03494_ Machine disabled. 03494_ Wheel+ destroyed. 03498_ Rigged Lgt. Fission Core explodes. 03500_ Penetrated by HV Slug. 03500_ HV Slug penetrates Wall. 03500_ Penetrated by HV Slug. 03500_ HV Slug penetrates Wall. 03501_ Wheel+ destroyed. Map ----- +----------------------------------------------------+ | ?????????????????????????????????????????????????? | | ?????????????????????????????????????????????????? | | ?????????????????????????????????????????????????? | | ?????????????????????????????????????????????????? | | ?????????????????????????????????????????????????? | | ?????????????????????????????????????????????????? | | ?????????????????????????????????????????????????? | | ?????????????????????????????????????????????????? | | ?????????????????????????????????????????????????? | | ?????????????????????????????????????????????????? | | ?????????????????????????????????????????????????? | | ?????????????????????????????????????????????????? | | ?????????????????????????????????????????????????? | | ?????????????????????????????????????????????????? | | ?????????????????????????????????????????????????? | | ?????????????????????????????????????????????????? | | ???????????????????????????????# #?????????????? | | ??????????????????????????????# ##????????????? | | ?????????????????????????????# #????????????? | | ?????????#####???????????????# #????????????? | | ????????##" #??????????????## #????????????? | | #???????#" #?????????????## #??????????????? | | #??????##" ##????????????# #??????????????? | | #????### ###?????###### #???????????????? | | ##???# #######;;; #???????????????? | | ##?## #" ; @ ##???????????????? | | ### a a a a ##???????????????? | | ## g #???????????????? | | #### ##??????????????? | | " #?#"""""##;; ###????????????? | | # ""##?############# * ###??????????? | | ######??????????????##### ##?????????? | | ##???????????????????????### #?????????? | | ##??????????????????????????### #?????????? | | "#?????????????????????????????### #?????????? | | ##??????????????????????????????#" ##????????? | | #???????????????????????????????#### ###??????? | | ???????????????????????????????????# ##?????? | | ???????????????????????????????????## ###???? | | ????????????????????????????????????### #???? | | ??????????????????????????????????????# ##???? | | ??????????????????????????????????????## ##????? | | ???????????????????????????????????????#####?????? | | ?????????????????????????????????????????????????? | | ?????????????????????????????????????????????????? | | ?????????????????????????????????????????????????? | | ?????????????????????????????????????????????????? | | ?????????????????????????????????????????????????? | | ?????????????????????????????????????????????????? | | ?????????????????????????????????????????????????? | +----------------------------------------------------+ Best States ------------- Heat Dissipation 38 Energy Generation 12 Energy Capacity 265 Matter Stores 300 Matter Capacity 300 Sight Range 16 Terrain Scan Range 16 Terrain Scan Density 10 Armor Coverage 150 Evasion (%) 44 Recoil Reduction 1 Item Schematics ----------------- None Robot Schematics ------------------ None Fabricated ------------ Nothing Repaired ---------- Imp. Ion Engine | 14% | -9/Materials Studied --------- Wheel | -9/Materials | Hacked Lgt. Treads | -9/Materials | Hacked Rocket Launcher | -9/Materials | Hacked Autogun | -9/Materials | Hacked Alien Tech Used ----------------- None Achievements -------------- None Challenges ------------ None Game ------ Seed CryofiberDirectedDiverter Manual? 0 Play Time 00:30:15 Cumulative 77.6 hours Start 2026.02.16 @ 16:03:39 End 2026.02.16 @ 16:37:52 Sessions 1 Manual Loads 0 Difficulty Rogue Special Mode None Game No. 163 Rogue 163 Adventurer 0 Explorer 0 Win Type - Total 1 Types 1/0/0/0/0/0/0/0/0/0 Lore% 49 Gallery% 37 Achievement% 36 Wizard Run 0 Options --------- Layout 0 ASCII 0 Keyboard 1 Movement Arrows Keybinds 0 Fullscreen 1 Font 18/Smallcaps Map View 76x50 Zoom Use 31% Tactical HUD 1 Map Filters NONE Filters NONE Steam 1 RUN: 9d1ee04c-9f92-4b08-a95c-285a996ff449